 Dungeon Crawl Stone Soup version 0.18-a0-1551-g40744a8 (webtiles) character file.

662 Kidiri the Magician (level 7, -18/39 HPs)
             Began as a Deep Elf Fire Elementalist on Mar 11, 2016.
             Was an Initiate of Vehumet.
             Engulfed by a cloud of flame (26 damage)
             ... on level 4 of the Dungeon.
             The game lasted 00:16:11 (4806 turns).

Kidiri the Magician (Deep Elf Fire Elementalist)    Turns: 4806, Time: 00:16:11

Health: -18/39     AC:  8    Str:  5    XL:     7   Next: 30%
Magic:  8/18       EV: 14    Int: 22    God:    Vehumet [......]
Gold:   78         SH:  0    Dex: 15    Spells: 6 memorised, 0 levels left

rFire  . . .     SeeInvis .     q - +5 club
rCold  . . .     Gourm    .     a - +0 robe
rNeg   . . .     Faith    .     (no shield)
rPois  .         Spirit   .     w - +0 helmet
rElec  .         Dismiss  .     x - +0 cloak (curse)
rCorr  .         Reflect  .     n - +2 pair of gloves {archery}
SustAt .         Harm     .     l - +0 pair of boots
MR     .....                    (no amulet)
Stlth  +++.......               (no ring)
                                (no ring)

@: not resistant to hostile enchantments, fairly stealthy
A: no striking features
a: Renounce Religion


You were on level 4 of the Dungeon.
You worshipped Vehumet.
Vehumet was noncommittal.
You were hungry.

You visited 2 branches of the dungeon, and saw 5 of its levels.
You also visited: Sewer.

You collected 155 gold pieces.
You spent 77 gold pieces at shops.

Inventory:

Hand Weapons
 q - a +5 club (weapon)
Armour
 a - a +0 robe (worn)
 l - a +0 pair of boots (worn)
 n - a +2 pair of gloves of archery (worn)
 w - a +0 helmet (worn)
 x - a cursed +0 cloak (worn)
Scrolls
 h - a scroll of remove curse
Potions
 d - 2 potions of curing {unknown}
 f - a potion of lignification
 g - a potion of haste
 i - 4 potions of heal wounds {unknown}
 j - 2 potions of cure mutation {unknown}
 o - 2 potions of berserk rage {unknown}
 r - a potion of brilliance {unknown}
 s - a potion of degeneration {unknown}
 t - 3 potions of might {unknown}
 u - 4 potions of flight {unknown}
Books
 b - a book of Flames

   Spells                             Type                      Level
   a - Flame Tongue                   Conjuration/Fire             1
   b - Throw Flame                    Conjuration/Fire             2
   c - Conjure Flame                  Conjuration/Fire             3
   d - Inner Flame                    Hexes/Fire                   3
   e - Sticky Flame                   Conjuration/Fire             4
   f - Fireball                       Conjuration/Fire             5
Miscellaneous
 v - a plain deck of changes
Comestibles
 c - 4 bread rations
 k - 10 chunks of flesh
 m - 3 fruits
 p - a slice of pizza


   Skills:
 + Level 1.9 Fighting
 + Level 4.0 Dodging
 + Level 4.0 Stealth
 * Level 6.1 Spellcasting
 + Level 3.4 Conjurations
 + Level 3.1 Hexes
 + Level 4.5 Fire Magic


You couldn't memorise any spells.
You knew the following spells:

 Your Spells              Type           Power        Failure   Level  Hunger
a - Flame Tongue          Conj/Fire      ###..        1%          1    None
b - Throw Flame           Conj/Fire      ###...       2%          2    None
c - Conjure Flame         Conj/Fire      ###.....     6%          3    #......
d - Inner Flame           Hex/Fire       ###.....     8%          3    #......
e - Sticky Flame          Conj/Fire      ###.....     17%         4    ###....
f - Fireball              Conj/Fire      ###.......   50%         5    #####..


Dungeon Overview and Level Annotations

Branches:
Dungeon (4/15)             Temple (1/1) D:4

Altars:
Cheibriados
Dithmenos
Elyvilon
Fedhas
Gozag
Kikubaaqudgha
Nemelex Xobeh
Sif Muna
Trog
Vehumet
Zin
The Shining One

Shops:
D:4 [

Annotations:
D:2 Terence


Message History

You hear a sizzling sound!
Some of the chunks of flesh in your inventory have rotted away.
Unknown command.
The jackal bites you but does no damage.
Casting: Inner Flame
Confirm with . or Enter, or press ? or * to list all spells.
Aiming: Flame Tongue
Press: ? - help, Shift-Dir - straight line, f/p - orc wizard
Aim: an orc wizard, wielding a dagger and wearing a robe (fast)
The flame tongue hits the jackal.
The jackal explodes!
The fiery explosion engulfs you!
Ouch! That really hurt!
* * * LOW HITPOINT WARNING * * *
The fiery explosion engulfs the orc wizard.
You kill the orc wizard!
Vehumet accepts your kill. x2
You are engulfed in roaring flames.
Ouch! That really hurt!
You die...

#.........
##.####### #.# #.#
#.# ##.## ###
##...## ##ยง#
#.....#####.#..o...#
#.........@###oO..##
#.....#####.# o.....
##...## #.# #####
##### ##


There were no monsters in sight!

Vanquished Creatures
  Purgy (Sewer)
  An ogre (D:4)
  A centaur (D:3)
  A scorpion (D:4)
  A howler monkey (D:4)
  2 hounds (D:4)
  An orc wizard (D:4)
  Natasha (twice) (D:3)
  Ijyb (D:2)
  6 adders
  A river rat (D:3)
  3 worms
  3 dart slugs
  4 giant geckos
  4 orcs
  4 giant cockroaches
  7 goblins
  6 hobgoblins
  5 jackals
  3 quokkas
  2 ball pythons
  8 bats
  11 giant newts
  4 kobolds (D:2)
  3 rats
85 creatures vanquished.

Notes
Turn   | Place    | Note
--------------------------------------------------------------
     0 | D:1      | Kidiri the Deep Elf Fire Elementalist began the quest for the Orb.
     0 | D:1      | Reached XP level 1. HP: 10/10 MP: 6/6
   628 | D:2      | Reached XP level 2. HP: 15/15 MP: 5/8
   639 | D:1      | Learned a level 2 spell: Throw Flame
  1154 | D:2      | Noticed Terence
  1522 | D:2      | Reached XP level 3. HP: 20/20 MP: 3/10
  1527 | D:2      | Learned a level 3 spell: Conjure Flame
  1531 | D:2      | Learned a level 3 spell: Inner Flame
  1982 | D:2      | Noticed Ijyb
  1992 | D:2      | Killed Ijyb
  1992 | D:2      | Reached skill level 1 in Fighting
  1992 | D:2      | Reached XP level 4. HP: 25/25 MP: 1/11
  2024 | D:2      | Reached skill level 4 in Spellcasting
  2365 | D:3      | Reached skill level 1 in Hexes
  2460 | D:3      | Noticed a centaur
  2509 | D:3      | Killed a centaur
  2509 | D:3      | Reached XP level 5. HP: 29/29 MP: 8/13
  2621 | D:3      | Noticed Natasha
  2629 | D:3      | Killed Natasha
  2766 | D:3      | Found a glowing drain.
  2770 | Sewer    | Entered a sewer
  2925 | Sewer    | Learned a level 4 spell: Sticky Flame
  2936 | Sewer    | Noticed Purgy
  2962 | Sewer    | Killed Purgy
  2962 | Sewer    | Reached skill level 5 in Spellcasting
  2962 | Sewer    | Reached XP level 6. HP: 23/34 MP: 2/15
  3614 | D:3      | Noticed Natasha
  3618 | D:3      | Killed Natasha
  3904 | D:4      | Found Kinlusot's Armour Emporium.
  3915 | D:4      | Bought a +0 helmet for 58 gold pieces
  3915 | D:4      | Bought a cursed +0 cloak for 19 gold pieces
  3988 | D:4      | Found a staircase to the Ecumenical Temple.
  4095 | Temple   | Entered the Ecumenical Temple
  4342 | Temple   | Became a worshipper of Vehumet
  4415 | D:4      | Reached XP level 7. HP: 37/39 MP: 11/17
  4576 | D:4      | Reached skill level 6 in Spellcasting
  4686 | D:4      | Learned a level 5 spell: Fireball
  4806 | D:4      | Engulfed by a cloud of flame

Vault maps used:
D:1:      dpeg_arrival_tiny_c, hex_intersection
D:2:      first_bread, uniq_terence, uniq_iyjb
D:3:      gup_sewer_entry_bowl, st_stairs_9, uniq_natasha
D:4:      minmay_temple_entry_purple_smoke, serial_shops, nicolae_shop_stone,
          abandoned_shop, amalloy_card_club
Temple:   oiseaux_autumnal_temple_12
Sewer:    sewer_co_purgy_island

Skill      XL: |  1  2  3  4  5  6  7 |
---------------+----------------------+-----
Stealth        | 3 4 |  4.0
Fighting       | 1 |  1.9
Spellcasting   | 4 5 6 |  6.1
Hexes          | 1 2 3 |  3.1
Dodging        | 3 4 |  4.0
Conjurations   | 2 3 |  3.4
Fire Magic     | 4 |  4.5

Action                   |  1- 3 |  4- 6 |  7- 9 || total
-------------------------+-------+-------+-------++-------
Melee: Whip              |     4 |       |       ||     4
       Dagger            |     2 |       |       ||     2
       Club              |       |    18 |     4 ||    22
 Cast: Flame Tongue      |    46 |    64 |    16 ||   126
       Throw Flame       |    15 |    22 |     2 ||    39
       Sticky Flame      |       |     2 |       ||     2
       Conjure Flame     |       |     2 |     2 ||     4
       Inner Flame       |       |     1 |     2 ||     3
  Use: Scroll            |     2 |     7 |       ||     9
 Stab: Sleeping          |     1 |     5 |       ||     6
  Eat: Chunk             |     4 |     7 |       ||    11
       Beef jerky        |       |       |     1 ||     1
